 Dungeon Crawl Stone Soup version 0.30-b1-2-g02819fbbbe (webtiles) character file.

Game seed: 12250155563622341802

6 Gobbopathe the Trooper (level 1, 0/18 HPs)
             Began as a Demonspawn Chaos Knight on May 16, 2023.
             Was a Plaything of Xom.
             Slain by a quokka (2 damage)
             ... on level 1 of the Dungeon.
             The game lasted 00:00:21 (53 turns).

Gobbopathe the Trooper (Demonspawn Chaos Knight)      Turns: 53, Time: 00:00:22

Health: 0/18       AC:  5    Str: 12    XL:     1   Next: 75%
Magic:  1/1        EV: 11    Int: 13    God:    Xom [..*...]
Gold:   0          SH:  0    Dex: 12    Spells: 0/0 levels left

rFire   . . .        a - +0 hand axe (chaos)
rCold   . . .        (no shield)
rNeg    . . .        b - +2 leather armour
rPois   .            (no helmet)
rElec   .            (no cloak)
rCorr   .            (no gloves)
SInv    .            (no boots)
Will    .....        (no amulet)
Stlth   +            (no ring)
HPRegen 0.23/turn    (no ring)
MPRegen 0.07/turn

%: no passive effects
@: no status effects
A: no striking features
a: Renounce Religion


You were on level 1 of the Dungeon.
You worshipped Xom.
You were a toy of Xom.
You visited 1 branch of the dungeon, and saw 1 of its levels.

Inventory:

Hand Weapons
 a - a +0 hand axe of chaos (weapon)
Armour
 b - a +2 leather armour (worn)
Potions
 d - a potion of lignification {unknown}
Miscellaneous
 c - a piece from Xom's chessboard (15/15) (quivered)


   Skills:
 + Level 3.1 Fighting
 * Level 2.9 Axes
 - Level 1.7 Armour
 - Level 0.8 Dodging
 + Level 0.4 Evocations


You couldn't memorise any spells.
You didn't know any spells.
Your spell library was empty.

Dungeon Overview and Level Annotations

Branches:
Dungeon (1/15) Zot: 5943

Altars:


Message History

A jackal comes into view.
The hobgoblin closely misses you. The jackal bites you.
The jackal is engulfed in seething chaos.
The hobgoblin hits you. The quokka closely misses you.
You are too injured to fight recklessly!
Unknown command.
You completely miss the jackal. You closely miss the quokka.
You hit the hobgoblin.
The hobgoblin is poisoned.
You kill the hobgoblin!
The jackal completely misses you. The jackal barely misses you.
The quokka bites you.
The jackal bites you but does no damage.
You miss the jackal. You barely miss the quokka.
The jackal bites you but does no damage.
A ball python comes into view.
The jackal bites your butterfly.
Your butterfly dies!
Your butterfly disappears in a puff of smoke!
The jackal bites you. The quokka barely misses you. The jackal bites you.
You closely miss the jackal. You miss the quokka. You closely miss the jackal.
The jackal bites you but does no damage. x2
The quokka barely misses you. The jackal closely misses you.
The jackal barely misses you.
The quokka bites you but does no damage.
You hit the jackal. You freeze the jackal.
The jackal is severely wounded.
You hit the quokka but do no damage. You closely miss the jackal.
The jackal bites you.
* * * LOW HITPOINT WARNING * * *
The jackal bites you.
* * * LOW HITPOINT WARNING * * *
The jackal closely misses you. The quokka bites you.
* * * LOW HITPOINT WARNING * * *
The jackal barely misses you. The jackal closely misses you.
You hit the jackal. Lightning courses through the jackal!
You kill the jackal!
You completely miss the quokka. You hit the jackal.
The jackal is poisoned.
You kill the jackal!
The quokka completely misses you. The quokka bites you.
You die...

#.## ...# #..... #
###..# .......#.###.##.
.##..###.#.........#...
.##..................#
.##........#b..b#....##
.##...##.#.#...b+.....#
....#........b).#r.!..#
####..>..#......@hS...#
.........######.#..?..#
####..#..#.####.#$....#
#..#..#......#.....#
#..........###.....#
##.#..##.#.# ######
#.#.....#.# #.#..##.#.#
..#.....#.#


You could see a quokka, a jackal and a ball python.

Vanquished Creatures
  A goblin (D:1)
  2 hobgoblins (D:1)
  2 jackals (D:1)
  A quokka (D:1)
  A bat (D:1)
7 creatures vanquished.

Notes
Turn   | Place    | Note
-------+----------+-------------------------------------------
     0 | D:1      | Gobbopathe the Demonspawn Chaos Knight began the quest for
                  | the Orb.
     0 | D:1      | Reached XP level 1. HP: 18/18 MP: 1/1
    44 | D:1      | XOM: butterfly on damage
    53 | D:1      | Slain by a quokka

Illustrated notes

Levels and vault maps discovered:
D:1:      dpeg_arrival_leaves_temple_mockup, layout_basic

Action                     || total
---------------------------++-------
  Melee: Hand axe          ||    12
 Armour: Leather armour    ||     6
  Dodge: Dodged            ||    16
